Map: Eternal Empire LE

Players

Reynor

  • Race: Zerg Zerg
  • Spawn Location: 7:00

INnoVation - Winner!

  • Race: Terran Terran
  • Spawn Location: 1:00

Event: Shopify TSL 5

VOD

Have the link to the VOD?

Description

Time

  • Played on: May 31, 2020, 10:43 a.m.
  • Length: 13:52

All games in this series

Show
View Real Time Build Order
Export as new Build Order

Reynor Zerg 

Build Orders: Pool First 

Get SALT Encoding   

  12  0:00  Drone  
  13  0:12  Overlord  
  13  0:17  Drone  
  14  0:30  Drone x2  
  16  0:40  Spawning Pool  
  15  0:44  Drone  
  15  0:47  Drone  
  17  1:09  Hatchery  
  16  1:12  Drone  
  17  1:27  Zergling x4  
  17  1:28  Extractor, Zergling x2  
  17  1:32  Queen  
  21  1:39  Overlord  
  21  1:49  Drone  
  22  2:01  Zergling x2  
  23  2:08  Queen  
  23  2:11  Zergling x2  
  26  2:21  Zergling x4  
  28  2:26  Spine Crawler  
  27  2:39  Zergling x2  
  27  2:44  Zergling x2  
  27  2:47  Zergling x2  
  25  2:56  Zergling x2  
  23  3:06  Zergling x4  
  24  3:15  Zergling x4  
  25  3:24  Zergling x4  
  27  3:39  Zergling x2  
  27  3:40  Drone  
  28  3:47  Overlord  
  27  3:49  Drone  
  27  3:51  Drone  
  27  3:52  Drone  
  25  3:58  Zergling x2  
  23  4:06  Zergling x2  
  19  4:12  Zergling x2  
  18  4:24  Metabolic Boost  
  18  4:26  Drone  
  18  4:30  Drone  
  20  4:40  Queen  
  20  4:44  Drone  
  23  4:49  Drone  
  23  4:50  Drone  
  25  4:54  Drone  
  25  4:58  Drone  
  27  5:05  Queen  
  29  5:08  Drone  
  29  5:11  Drone  
  29  5:13  Drone  
  32  5:15  Drone  
  32  5:20  Overlord  
  33  5:23  Drone  
  34  5:37  Hatchery  
  34  5:41  Drone  
  34  5:43  Zergling x4  
  34  5:46  Zergling x2  
  34  5:49  Zergling x4  
  39  5:51  Zergling x2  
  39  5:55  Overlord  
  40  6:01  Queen  
  40  6:03  Drone  
  43  6:06  Drone  
  44  6:15  Drone x4  
  44  6:16  Drone  
  49  6:21  Queen  
  51  6:28  Overlord  
  51  6:30  Zergling x2  
  51  6:32  Zergling x2  
  50  6:35  Zergling x2  
  46  6:44  Drone  
  46  6:47  Drone  
  46  6:49  Queen, Drone  
  46  6:51  Drone  
  46  6:52  Drone x2  
  53  6:56  Drone x2  
  53  6:59  Queen  
  53  7:01  Drone  
  58  7:06  Drone  
  58  7:07  Drone  
  60  7:09  Extractor  
  60  7:11  Drone  
  60  7:12  Drone  
  61  7:17  Evolution Chamber, Drone x3  
  61  7:19  Evolution Chamber  
  62  7:26  Drone x3  
  65  7:30  Drone  
  65  7:32  Spore Crawler  
  65  7:37  Zergling x2  
  65  7:38  Overlord  
  65  7:42  Zerg Ground Armor Level 1  
  66  7:45  Overlord, Zerg Melee Weapons Level 1  
  66  7:56  Drone x2  
  66  7:58  Drone x5, Overlord, Hatchery  
  68  8:04  Zergling x8  
  68  8:05  Zergling x2  
  77  8:08  Lair  
  77  8:10  Zergling x4  
  79  8:15  Queen  
  79  8:18  Zergling x2  
  79  8:19  Zergling x4  
  84  8:21  Queen  
  84  8:25  Overlord  
  85  8:35  Overlord x2  
  83  8:42  Zergling x2  
  83  8:45  Drone x8  
  79  8:50  Queen  
  79  8:51  Drone x3  
  82  8:56  Drone x2  
  82  8:57  Extractor  
  82  9:00  Drone x3  
  82  9:01  Extractor  
  82  9:02  Queen  
  87  9:05  Drone x2, Baneling Nest  
  88  9:10  Spire, Overseer  
  88  9:13  Drone x2  
  88  9:16  Extractor, Drone  
  89  9:17  Extractor  
  89  9:23  Zergling x2  
  89  9:24  Zergling x2  
  90  9:27  Zergling x2  
  90  9:28  Pneumatized Carapace  
  90  9:31  Zergling x6  
  94  9:32  Zergling x2  
  94  9:34  Drone x3  
  94  9:36  Drone  
  94  9:37  Overlord  
  99  9:38  Zergling x4  
  99  9:48  Queen  
  99  9:50  Zergling x6  
  104  9:58  Drone x3  
  94  10:01  Drone x2  
  94  10:02  Zergling x2  
  95  10:07  Drone x2  
  95  10:08  Drone  
  98  10:18  Drone  
  98  10:19  Drone x2  
  101  10:22  Drone x8  
  101  10:27  Overlord  
  109  10:30  Zerg Flyer Weapons Level 1  
  109  10:34  Mutalisk x3  
  115  10:37  Overlord  
  115  10:47  Mutalisk x4  
  118  10:50  Zergling x8  
  118  10:55  Zergling x12  
  119  10:58  Mutalisk  
  119  11:00  Mutalisk x3  
  119  11:02  Zergling x2  
  119  11:03  Queen  
  118  11:04  Drone  
  118  11:07  Mutalisk x2  
  121  11:11  Drone x2  
  121  11:12  Drone  
  121  11:14  Drone  
  121  11:17  Unknown  
  124  11:20  Centrifical Hooks  
  124  11:23  Spine Crawler  
  123  11:26  Mutalisk  
  123  11:27  Overlord  
  123  11:30  Mutalisk  
  123  11:32  Baneling x3  
  127  11:39  Drone  
  128  11:40  Hatchery  
  128  11:42  Drone  
  128  11:48  Evolution Chamber  
  128  11:49  Drone x5  
  128  11:51  Spine Crawler, Mutalisk x2  
  135  11:54  Baneling x2  
  135  11:55  Zergling x2, Baneling x4  
  135  11:59  Overlord x2  
  136  12:12  Overlord x2  
  136  12:19  Zergling x20  
  146  12:22  Baneling  
  146  12:23  Baneling x6  
  146  12:26  Zergling x8  
  148  12:37  Mutalisk  
  148  12:38  Infestation Pit  
  149  12:47  Baneling x3  
  149  12:48  Baneling x2  
  149  12:51  Drone x16  
  144  12:54  Mutalisk x2  
  144  12:56  Mutalisk  
  147  13:07  Zergling x12  
  147  13:09  Zergling x2  
  144  13:13  Zergling x8  
  144  13:16  Zergling x4  
  144  13:19  Zergling x8  
  153  13:25  Mutalisk x2  
  156  13:27  Zergling x4  
  156  13:31  Zergling x6  
Show
View Real Time Build Order
Export as new Build Order

INnoVation Terran - Winner!

Build Orders:  

Get SALT Encoding   

  12  0:00  SCV  
  13  0:12  SCV  
  14  0:17  Supply Depot  
  14  0:25  SCV  
  15  0:39  Barracks  
  15  0:53  Barracks  
  15  1:05  Barracks  
  15  1:08  SCV  
  16  1:26  Marine, Orbital Command  
  17  1:40  Marine  
  17  1:44  Marine, Supply Depot  
  19  1:53  Marine  
  20  1:58  Marine  
  21  2:02  Marine  
  21  2:06  Supply Depot  
  22  2:10  Marine  
  23  2:15  Bunker  
  23  2:16  Marine  
  23  2:20  Marine  
  25  2:28  Marine  
  26  2:31  Bunker  
  26  2:34  Marine  
  27  2:37  Marine  
  24  2:46  Marine  
  24  2:49  SCV  
  24  2:51  Marine  
  24  2:55  Marine  
  25  3:02  SCV  
  25  3:04  Marine  
  27  3:09  Marine  
  27  3:13  Marine  
  27  3:14  SCV  
  28  3:22  Marine  
  28  3:26  SCV  
  29  3:27  Marine  
  29  3:31  Marine  
  31  3:38  SCV  
  31  3:39  Marine  
  33  3:45  Marine  
  32  3:49  Marine  
  32  3:53  SCV  
  29  3:57  Marine  
  30  4:03  Marine  
  30  4:06  Marine  
  30  4:14  SCV  
  30  4:15  Marine  
  27  4:20  Marine, Command Center  
  27  4:21  Refinery  
  28  4:25  Refinery  
  28  4:27  SCV  
  30  4:40  SCV  
  30  4:52  SCV  
  30  4:59  Command Center  
  30  5:04  SCV  
  31  5:12  Factory  
  31  5:16  SCV  
  32  5:28  SCV  
  33  5:31  Orbital Command  
  33  5:39  Factory  
  33  5:40  SCV  
  34  5:52  SCV, Orbital Command  
  34  5:56  Factory Tech Lab  
  35  5:58  Barracks Reactor  
  35  5:59  Orbital Command  
  35  6:04  SCV  
  35  6:09  Barracks Reactor  
  36  6:12  Orbital Command  
  36  6:15  Infernal Pre-Igniter  
  36  6:16  SCV, Hellion  
  40  6:24  Hellion  
  41  6:26  SCV  
  41  6:28  SCV  
  40  6:38  Hellion  
  40  6:39  SCV  
  38  6:40  SCV  
  41  6:50  SCV  
  41  6:51  SCV  
  41  6:53  SCV  
  42  6:57  Hellion x2  
  42  6:58  Armory  
  42  6:59  Armory  
  46  7:03  SCV x2  
  46  7:05  SCV  
  49  7:11  Supply Depot  
  49  7:12  Hellion  
  49  7:14  Supply Depot  
  51  7:17  SCV x3  
  54  7:23  Hellion x2  
  54  7:28  Orbital Command  
  59  7:32  SCV x2  
  59  7:33  Supply Depot  
  59  7:35  Refinery x2  
  60  7:43  Hellion x2  
  64  7:44  Hellion x2  
  64  7:45  SCV x2  
  64  7:46  Terran Vehicle Weapons Level 1  
  64  7:50  Terran Vehicle And Ship Armor Level 1  
  70  7:57  SCV x2  
  70  7:58  SCV  
  73  8:07  Hellion x4  
  73  8:09  SCV  
  73  8:10  SCV x2  
  84  8:18  Barracks Tech Lab  
  80  8:20  Factory  
  80  8:23  SCV x2, Factory  
  80  8:24  SCV  
  81  8:31  Hellion x2  
  81  8:33  Hellion  
  85  8:39  Hellion  
  87  8:43  SCV  
  87  8:44  SCV x2  
  78  8:52  Hellion  
  78  8:54  Hellion x3  
  79  8:56  SCV x3  
  82  9:08  SCV x3, Cyclone, Factory  
  88  9:11  Refinery x2  
  88  9:15  Supply Depot  
  88  9:16  Supply Depot  
  88  9:17  Mag-Field Accelerator, Cyclone  
  88  9:19  Barracks Tech Lab  
  91  9:24  SCV x2  
  93  9:32  Supply Depot x2  
  93  9:36  SCV  
  93  9:37  SCV x2  
  96  9:39  Engineering Bay  
  96  9:42  Cyclone  
  96  9:44  Terran Vehicle Weapons Level 2  
  99  9:46  Supply Depot x2  
  99  9:47  Terran Vehicle And Ship Armor Level 2  
  99  9:48  SCV  
  99  9:49  Cyclone  
  99  10:00  SCV x2  
  99  10:06  Cyclone  
  107  10:14  Cyclone  
  107  10:19  Hellion x3  
  107  10:21  Cyclone, Command Center  
  113  10:27  Hellion  
  118  10:34  Factory x2  
  118  10:36  Factory  
  118  10:49  Cyclone  
  118  10:50  Cyclone  
  118  10:52  Hellion x3  
  118  10:53  Cyclone  
  116  11:03  Missile Turret x2  
  101  11:16  Missile Turret  
  101  11:21  Thor x2  
  101  11:25  Thor, Factory Tech Lab  
  113  11:26  Factory Tech Lab  
  113  11:28  Factory Reactor  
  113  11:32  Missile Turret  
  119  11:38  SCV x3  
  121  11:50  SCV x3  
  121  11:53  Planetary Fortress  
  124  11:56  Missile Turret  
  124  11:57  Unknown  
  124  12:01  Cyclone x2  
  130  12:03  Hellion x3  
  130  12:04  Cyclone x2  
  130  12:06  Hellion  
  130  12:07  Hellion  
  130  12:08  Smart Servos, Cyclone  
  146  12:12  Hellion  
  146  12:15  SCV x2  
  152  12:16  SCV  
  150  12:27  SCV  
  150  12:28  SCV x2  
  147  12:32  Missile Turret  
  147  12:35  Cyclone  
  147  12:36  Hellion  
  155  12:38  Cyclone  
  155  12:39  Supply Depot x2  
  155  12:46  Cyclone  
  155  12:53  SCV  
  156  12:59  Supply Depot  
  156  13:01  SCV x3, Supply Depot  
  156  13:05  SCV  
  158  13:09  Cyclone x3  
  158  13:10  Hellion  
  169  13:13  SCV  
  169  13:14  Hellion  
  172  13:21  Hellion  
Tags
 
Add a new tag
Caveats
  • Supply blocks, unpowered buildings, or Contaminate may cause inaccurate times.
  • Supply counts are checked every 10 seconds.